 Dungeon Crawl Stone Soup version 0.26-a0-854-gdc81c2f471 (webtiles) character file.

Game seed: 10329591436975019849

60 iamoutofideas the Chucker (level 3, -6/33 HPs)
             Began as a Troll Hunter on Nov 23, 2020.
             Mangled by a gnoll
             ... wielding a +0 flail
              (8 damage)
             ... on level 2 of the Dungeon.
             The game lasted 00:01:03 (857 turns).

iamoutofideas the Chucker (Troll Hunter)             Turns: 857, Time: 00:01:04

Health: -6/33      AC:  6    Str: 21    XL:     3   Next: 80%
Magic:  2/2        EV: 10    Int:  7    God:
Gold:   83         SH:  0    Dex: 10    Spells: 2/2 levels left

rFire    + . .     SeeInvis .     - Unarmed
rCold    + . .     Faith    .   (no shield)
rNeg     . . .     Spirit   .   b - +0 robe
rPois    +         Reflect  .   (helmet restricted)
rElec    +         Harm     .   (no cloak)
rCorr    +         Rampage  .   (gloves unavailable)
MR       .....                  (boots unavailable)
Stlth    +.........             (no amulet)
HPRegen  0.51/turn              (no ring)
MPRegen  0.08/turn              (no ring)

@: resistant
A: large, unfitting armour, claws 3, regeneration 1, shaggy fur 1, tough skin 3
a: no special abilities


You were on level 2 of the Dungeon.
You visited 1 branch of the dungeon, and saw 2 of its levels.

You collected 83 gold pieces.

Inventory:

Missiles
 c - 5 large rocks (quivered)
 d - 2 throwing nets
Armour
 b - a +0 robe (worn)
Scrolls
 e - a scroll of random uselessness {unknown}
 f - 2 scrolls of identify {unknown}
 g - 2 scrolls of magic mapping {unknown}
 h - a scroll of immolation {unknown}
Potions
 i - a potion of attraction {unknown}


   Skills:
 - Level 1.5 Fighting
 - Level 3.6 Throwing
 - Level 1.5 Dodging
 - Level 0.3 Stealth
 + Level 3.5 Unarmed Combat


You had 2 spell levels left.
You didn't know any spells.
Your spell library was empty.

Dungeon Overview and Level Annotations

Branches:
Dungeon (2/15)

Altars:


Innate Abilities, Weirdness & Mutations

You are too large for most types of armour.
You have claws for hands.
Your natural rate of healing is unusually fast.
You are covered in fur. (AC +1)
You have extremely tough skin. (AC +3)


Message History

You claw the gnoll!
The gnoll is severely wounded.
The gnoll closely misses you.
The gnoll hits you from afar with a +0 spear.
You scratch the gnoll.
The gnoll is almost dead.
The gnoll hits you but does no damage.
You barely miss the gnoll.
The gnoll is almost dead.
You scratch the gnoll.
The gnoll is almost dead.
The gnoll hits you from afar with a +0 spear.
The gnoll hits you with a +0 flail. The gnoll hits you with a +0 spear.
The gnoll hits you with a +0 flail!
* * * LOW HITPOINT WARNING * * *
You are too injured to fight recklessly!
It was a potion of resistance.
You feel protected. The gnoll barely misses you.
The gnoll hits you with a +0 flail!
You die...

## #....#.#.........># ##....
...#..#.......<..#
#.....###..#.##..........#
........#..#.#...........#
........#..#.............#
...........†...#.........#
........#..)...######..#.#
........#....###### ##....#
....!.†...†.ghhg@.# ###....
....)...#...#####g.........##
....).......# ######......
......(.....## ##....
..##.........# . #.........#
#..........# #...........#
...............


You could see 3 gnolls and 2 jackals.

Vanquished Creatures
  2 gnolls
  An adder (D:2)
  An ooze (D:1)
  A dart slug (D:1)
  A ball python (D:2)
  4 bats
  A giant cockroach (D:2)
  3 hobgoblins (D:1)
  2 jackals (D:2)
  A frilled lizard (D:1)
  2 goblins
  4 kobolds
  3 rats (D:1)
26 creatures vanquished.

Notes
Turn   | Place    | Note
-------+----------+-------------------------------------------
     0 | D:1      | iamoutofideas the Troll Hunter began the quest for the Orb.
     0 | D:1      | Reached XP level 1. HP: 19/19 MP: 0/0
   110 | D:1      | Reached XP level 2. HP: 17/27 MP: 1/1
   368 | D:1      | Reached XP level 3. HP: 33/33 MP: 2/2
   856 | D:2      | HP: 1/33 [gnoll/+0 flail (10)]
   857 | D:2      | Mangled by a gnoll

Illustrated notes

Levels and vault maps discovered:
D:1:      shiori_shiawase, layout_loops_ring, amethyst_killhole
D:2:      layout_rooms, kennysheep_generic_room_8, uniq_natasha

Skill      XL: |  1  2  3 |
---------------+----------+-----
Unarmed Combat | 2 3 |  3.5
Fighting       | |  1.5
Throwing       | |  3.6
Dodging        | |  1.5
Stealth        | |  0.3

Action                   || total
-------------------------++-------
Melee: Unarmed           ||    86
  Use: Potion            ||     1
 Stab: Sleeping          ||     2
Armor: Robe              ||    57
Dodge: Dodged            ||    69

Table legend: (Time is in decaauts)
 A = Elapsed time spent in this place.
 B = Non-inter-level travel time spent in this place.
 C = Inter-level travel time spent in this place.
 D = Time resting spent in this place.
 E = Time spent auto-exploring this place.
 F = Levels seen in this place.
 G = Mean time per level.
                   A        B        C        D        E       F      G
               +--------+--------+--------+--------+--------+-----+--------+
         Total |    853 |    821 |     32 |      0 |    654 |   2 |  426.5 |
       Dungeon |    853 |    821 |     32 |      0 |    654 |   2 |  426.5 |
               +--------+--------+--------+--------+--------+-----+--------+

Top non-repeatable levels by time:
     D:1: 747 daAuts
     D:2: 105 daAuts
